PA
CHICAGO GOLD SOX @ PROVO MANGO
09/04/2037
 
TOP OF THE 1ST
Chicago Gold Sox batting - Pitching for Provo Mango : LHP Mototsune Rin
Pitching: LHP Mototsune Rin
Batting: RHB Juan Ocasio 0-0: Ball
1-0: Swinging Strike
1-1: Called Strike
1-2: Foul Ball, location: 2F
1-2: Ball
2-2: Ball
3-2: Strikes out swinging
Batting: RHB Garm van Opdorp 0-0: Called Strike
0-1: Foul Ball, location: 2F
0-2: Ball
1-2: Foul Ball, location: 2F
1-2: DOUBLE (Line Drive, 78D, EV 107.5 MPH)
Batting: RHB Estanislao Hirigoyen 0-0: Called Strike
0-1: Fly out, F8 (Flyball, 8RM, EV 86.9 MPH)
Batting: RHB Seung-hwan Pak 0-0: Called Strike
0-1: Ball
1-1: Ball
2-1: Ball
Wild Pitch!
Garm van Opdorp to third
3-1: Foul Ball, location: 2F
3-2: Fly out, F9 (Flyball, 9D, EV 105.0 MPH)
Top of the 1st over - 0 runs, 1 hit, 0 errors, 1 left on base; Chicago 0 - Provo 0
BOTTOM OF THE 1ST
Provo Mango batting - Pitching for Chicago Gold Sox : RHP Matt Elmore
Pitching: RHP Matt Elmore
Batting: LHB Kyle Mullens 0-0: Ball
1-0: Foul Ball, location: 2F
1-1: Ball
2-1: Foul Ball, location: 2F
2-2: Foul Ball, location: 2F
2-2: Ball
3-2: Ground out 6-3 (Groundball, 6S, EV 82.5 MPH)
Batting: LHB Braxton Cottongame 0-0: Called Strike
0-1: Ball
1-1: Ball
2-1: Called Strike
2-2: Ball
3-2: Foul Ball, location: 2F
3-2: Fly out, F8 (Flyball, 8LD, EV 91.9 MPH)
Batting: LHB Yin-fat Fou 0-0: Foul Ball, location: 2F
0-1: Ball
1-1: Ball
2-1: Ball
3-1: SINGLE (Line Drive, 8LS, EV 93.1 MPH)
Batting: RHB Ding-bong Wang 0-0: Swinging Strike
0-1: SINGLE (Groundball, 56D, EV 97.5 MPH)
Yin-fat Fou to second
Batting: RHB Kian Hook 0-0: Called Strike
0-1: Called Strike
0-2: Ball
1-2: Strikes out swinging
Bottom of the 1st over - 0 runs, 2 hits, 0 errors, 2 left on base; Chicago 0 - Provo 0
TOP OF THE 2ND
Chicago Gold Sox batting - Pitching for Provo Mango : LHP Mototsune Rin
Batting: RHB Sergio Aguero 0-0: Fly out, F7 (Flyball, 7, EV 97.5 MPH)
Batting: RHB John Batman 0-0: Called Strike
0-1: Foul Ball, location: 2F
0-2: Strikes out swinging
Batting: RHB Jesús Amengual 0-0: Fly out, F7 (Flyball, 7LM, EV 89.4 MPH)
Top of the 2nd over - 0 runs, 0 hits, 0 errors, 0 left on base; Chicago 0 - Provo 0
BOTTOM OF THE 2ND
Provo Mango batting - Pitching for Chicago Gold Sox : RHP Matt Elmore
Batting: RHB Paul Prichard 0-0: Ball
1-0: Ball
2-0: Called Strike
2-1: Foul Ball, location: 2F
2-2: Ball
3-2: Foul Ball, location: 2F
3-2: Strikes out swinging
Batting: RHB Jesús Espinoza 0-0: Ball
1-0: Called Strike
1-1: Ground out 1-3 (Groundball, P, EV 68.1 MPH)
Batting: SHB Will Hamilton 0-0: Ball
1-0: Foul Ball, location: 2F
1-1: SOLO HOME RUN (Flyball, 9D, EV 101.2 MPH), Distance : 377 ft
Batting: RHB Charley Foijens 0-0: Ball
1-0: Swinging Strike
1-1: Ball
2-1: Called Strike
2-2: Fly out, F7 (Line Drive, 7D, EV 96.2 MPH)
Bottom of the 2nd over - 1 run, 1 hit, 0 errors, 0 left on base; Chicago 0 - Provo 1
TOP OF THE 3RD
Chicago Gold Sox batting - Pitching for Provo Mango : LHP Mototsune Rin
Batting: RHB Roberto Díaz 0-0: Called Strike
0-1: Fly out, F7 (Flyball, 7S, EV 89.4 MPH)
Batting: LHB Shiki Yamamoto 0-0: Ground out 6-3 (Groundball, 6M, EV 91.2 MPH)
Batting: RHB Juan Ocasio 0-0: Ball
1-0: Foul Ball, location: 2F
1-1: Ground out 6-3 (Groundball, 6, EV 107.5 MPH)
Top of the 3rd over - 0 runs, 0 hits, 0 errors, 0 left on base; Chicago 0 - Provo 1
BOTTOM OF THE 3RD
Provo Mango batting - Pitching for Chicago Gold Sox : RHP Matt Elmore
Batting: LHB Kyle Mullens 0-0: Ball
1-0: Called Strike
1-1: Foul Ball, location: 2F
1-2: Ball
2-2: Foul Ball, location: 2F
2-2: Ball
3-2: Fly out, F8 (Flyball, 8LM, EV 94.4 MPH)
Batting: LHB Braxton Cottongame 0-0: Ball
1-0: Ground out U3 (Groundball, 34, EV 101.9 MPH)
Batting: LHB Yin-fat Fou 0-0: Ball
1-0: Ball
2-0: Foul Ball, location: 2F
2-1: Foul Ball, location: 2F
2-2: Foul Ball, location: 2F
2-2: Foul Ball, location: 2F
2-2: SOLO HOME RUN (Flyball, 9D, EV 104.4 MPH), Distance : 385 ft
Batting: RHB Ding-bong Wang 0-0: Ball
1-0: Called Strike
1-1: SINGLE (Groundball, 56D, EV 95.6 MPH)
Batting: RHB Kian Hook 0-0: Called Strike
Ding-bong Wang steals 2nd base
0-1: Foul Ball, location: 2F
0-2: Ball
1-2: Strikes out swinging
Bottom of the 3rd over - 1 run, 2 hits, 0 errors, 1 left on base; Chicago 0 - Provo 2
TOP OF THE 4TH
Chicago Gold Sox batting - Pitching for Provo Mango : LHP Mototsune Rin
Batting: RHB Garm van Opdorp 0-0: Swinging Strike
0-1: Ball
1-1: Ball
2-1: DOUBLE (Flyball, 8LXD, EV 98.8 MPH)
Batting: RHB Estanislao Hirigoyen 0-0: Ball
1-0: SINGLE (Flyball, 7LM, EV 84.4 MPH)
Garm van Opdorp to third
Batting: RHB Seung-hwan Pak 0-0: SINGLE (Line Drive, 7S, EV 103.8 MPH)
Garm van Opdorp scores
Estanislao Hirigoyen to second
Batting: RHB Sergio Aguero 0-0: Called Strike
0-1: Ball
1-1: Called Strike
1-2: Foul Ball, location: 2F
1-2: Foul Ball, location: 2F
1-2: Ball
2-2: Ball
3-2: Ground out 6-3 (Groundball, 56, EV 106.9 MPH)
Estanislao Hirigoyen to third
Seung-hwan Pak to second
Batting: RHB John Batman 0-0: Ground out 1-3 (Groundball, 13, EV 81.2 MPH)
Batting: RHB Jesús Amengual 0-0: Ball
1-0: Ball
2-0: Called Strike
2-1: Foul Ball, location: 2F
2-2: Ground out 5-3 (Groundball, 5, EV 81.2 MPH)
Top of the 4th over - 1 run, 3 hits, 0 errors, 2 left on base; Chicago 1 - Provo 2
BOTTOM OF THE 4TH
Provo Mango batting - Pitching for Chicago Gold Sox : RHP Matt Elmore
Batting: RHB Paul Prichard 0-0: Swinging Strike
0-1: Swinging Strike
0-2: Ball
1-2: Ball
2-2: Strikes out looking
Batting: RHB Jesús Espinoza 0-0: Ball
1-0: Fly out, F9 (Flyball, 89M, EV 75.0 MPH)
Batting: SHB Will Hamilton 0-0: Ball
1-0: Ball
2-0: Fly out, F8 (Flyball, 8RS, EV 93.8 MPH)
Bottom of the 4th over - 0 runs, 0 hits, 0 errors, 0 left on base; Chicago 1 - Provo 2
TOP OF THE 5TH
Chicago Gold Sox batting - Pitching for Provo Mango : LHP Mototsune Rin
Batting: RHB Roberto Díaz 0-0: Foul Ball, location: 2F
0-1: Ball
1-1: Ball
2-1: Fly out, F8 (Line Drive, 8LM, EV 85.6 MPH)
Batting: LHB Shiki Yamamoto 0-0: Called Strike
0-1: Ball
1-1: Ball
2-1: Called Strike
2-2: Ball
3-2: Strikes out looking
Batting: RHB Juan Ocasio 0-0: Ball
1-0: SINGLE (Line Drive, 78S, EV 108.1 MPH)
Batting: RHB Garm van Opdorp 0-0: Ball
1-0: Ball
2-0: Foul Ball, location: 2F
2-1: Called Strike
2-2: Foul Ball, location: 2F
2-2: Ball
3-2: Fly out, F8 (Flyball, 89S, EV 86.2 MPH)
Top of the 5th over - 0 runs, 1 hit, 0 errors, 1 left on base; Chicago 1 - Provo 2
BOTTOM OF THE 5TH
Provo Mango batting - Pitching for Chicago Gold Sox : RHP Matt Elmore
Batting: RHB Charley Foijens 0-0: Ball
1-0: Ball
2-0: Ball
3-0: Called Strike
3-1: Foul Ball, location: 2F
3-2: Foul Ball, location: 2F
3-2: Foul Ball, location: 2F
3-2: Foul Ball, location: 2F
3-2: Strikes out swinging
Batting: LHB Kyle Mullens 0-0: Ball
1-0: Called Strike
1-1: Swinging Strike
1-2: Foul Ball, location: 2F
1-2: Ball
2-2: Ball
3-2: Foul Ball, location: 2F
3-2: TRIPLE (Flyball, 78XD, EV 103.8 MPH)
Pitching: RHP Tetsuzan Miyata
Batting: LHB Braxton Cottongame 0-0: Ball
1-0: Ball
2-0: Foul Ball, location: 2F
2-1: Ball
3-1: Base on Balls
Batting: LHB Yin-fat Fou 0-0: Called Strike
0-1: Ball
1-1: 3-RUN HOME RUN (Flyball, 9D, EV 96.2 MPH), Distance : 366 ft
Batting: RHB Ding-bong Wang 0-0: Ball
1-0: Ball
2-0: Foul Ball, location: 2F
2-1: Ball
3-1: Base on Balls
Batting: RHB Kian Hook 0-0: Called Strike
0-1: Swinging Strike
0-2: Strikes out swinging
Batting: RHB Paul Prichard 0-0: Swinging Strike
0-1: Ball
1-1: Ball
2-1: Swinging Strike
2-2: Strikes out swinging, 2-3 out at first.
Bottom of the 5th over - 3 runs, 2 hits, 0 errors, 1 left on base; Chicago 1 - Provo 5
TOP OF THE 6TH
Chicago Gold Sox batting - Pitching for Provo Mango : LHP Mototsune Rin
Batting: RHB Estanislao Hirigoyen 0-0: Called Strike
0-1: Ball
1-1: Foul Ball, location: 2F
1-2: Strikes out swinging
Batting: RHB Seung-hwan Pak 0-0: Foul Ball, location: 2F
0-1: SINGLE (Line Drive, 34, EV 103.1 MPH)
Batting: RHB Sergio Aguero 0-0: Foul Ball, location: 2F
0-1: Ball
1-1: Ball
2-1: Grounds into double play, 5-4-3 (Groundball, 5L, EV 76.2 MPH)
Top of the 6th over - 0 runs, 1 hit, 0 errors, 0 left on base; Chicago 1 - Provo 5
BOTTOM OF THE 6TH
Provo Mango batting - Pitching for Chicago Gold Sox : RHP Tetsuzan Miyata
Batting: RHB Jesús Espinoza 0-0: Called Strike
0-1: Foul Ball, location: 2F
0-2: Ball
1-2: Foul Ball, location: 2F
1-2: Foul Ball, location: 2F
1-2: Ball
2-2: Foul Ball, location: 2F
2-2: Strikes out swinging
Pitching: LHP Huai-yi Lee
Batting: SHB Will Hamilton 0-0: Ball
1-0: Foul Ball, location: 2F
1-1: Foul Ball, location: 2F
1-2: Strikes out swinging
Batting: RHB Charley Foijens 0-0: Foul Ball, location: 2F
0-1: Ball
1-1: Ball
2-1: Foul Ball, location: 2F
2-2: Foul Ball, location: 2F
2-2: Ball
3-2: Foul Ball, location: 2F
3-2: Strikes out swinging
Bottom of the 6th over - 0 runs, 0 hits, 0 errors, 0 left on base; Chicago 1 - Provo 5
TOP OF THE 7TH
Chicago Gold Sox batting - Pitching for Provo Mango : LHP Mototsune Rin
Batting: RHB John Batman 0-0: Swinging Strike
0-1: Foul Ball, location: 2F
0-2: Foul Ball, location: 2F
0-2: Foul Ball, location: 2F
0-2: Ground out 5-3 (Groundball, 5L, EV 93.1 MPH)
Batting: RHB Jesús Amengual 0-0: Ball
1-0: Foul Ball, location: 2F
1-1: SINGLE (Groundball, 56D, EV 103.1 MPH)
Batting: RHB Roberto Díaz 0-0: Foul Ball, location: 2F
0-1: Ball
1-1: Foul Ball, location: 2F
1-2: Strikes out looking
Batting: LHB Shiki Yamamoto 0-0: Called Strike
0-1: Ball
1-1: Swinging Strike
1-2: Foul Ball, location: 2F
1-2: Strikes out swinging
Top of the 7th over - 0 runs, 1 hit, 0 errors, 1 left on base; Chicago 1 - Provo 5
BOTTOM OF THE 7TH
Provo Mango batting - Pitching for Chicago Gold Sox : LHP Huai-yi Lee
Batting: LHB Kyle Mullens 0-0: Called Strike
0-1: Ground out 4-3 (Groundball, 4, EV 86.9 MPH)
Batting: LHB Braxton Cottongame 0-0: Ball
1-0: Ball
2-0: Foul Ball, location: 2F
2-1: Ball
3-1: Base on Balls
Pitching: LHP José Santos
Batting: LHB Yin-fat Fou 0-0: Swinging Strike
0-1: Ball
1-1: Swinging Strike
1-2: Strikes out looking
Batting: RHB Ding-bong Wang 0-0: Fielders Choice at 2nd, 5-4 (Groundball, 56, EV 100.0 MPH)
Bottom of the 7th over - 0 runs, 0 hits, 0 errors, 1 left on base; Chicago 1 - Provo 5
TOP OF THE 8TH
Chicago Gold Sox batting - Pitching for Provo Mango : LHP Mototsune Rin
Batting: RHB Juan Ocasio 0-0: Ball
1-0: Foul Ball, location: 2F
1-1: Foul Ball, location: 2F
1-2: Ball
2-2: Foul Ball, location: 2F
2-2: Ground out 6-3 (Groundball, 6, EV 104.4 MPH)
Pitching: RHP Danny Zegwaard
Batting: RHB Garm van Opdorp 0-0: Ball
1-0: Ground out 5-3 (Groundball, 56, EV 88.8 MPH)
Batting: RHB Estanislao Hirigoyen 0-0: Called Strike
0-1: Ball
1-1: Foul Ball, location: 2F
1-2: Ball
2-2: Strikes out swinging
Top of the 8th over - 0 runs, 0 hits, 0 errors, 0 left on base; Chicago 1 - Provo 5
BOTTOM OF THE 8TH
Provo Mango batting - Pitching for Chicago Gold Sox : LHP José Santos
Batting: RHB Kian Hook 0-0: Called Strike
0-1: Ball
1-1: Ball
2-1: DOUBLE (Line Drive, 7LM, EV 94.4 MPH)
Pitching: RHP Kini Grinter
Batting: RHB Paul Prichard 0-0: Foul Ball, location: 2F
0-1: Foul Ball, location: 2F
0-2: Ball
1-2: Ball
2-2: Strikes out swinging, 2-3 out at first.
Batting: RHB Jesús Espinoza 0-0: Called Strike
0-1: Ball
1-1: Ball
2-1: Called Strike
2-2: Foul Ball, location: 2F
2-2: Ball
3-2: SINGLE (Flyball, 9S, EV 85.0 MPH)
Kian Hook to third
Batting: SHB Will Hamilton 0-0: Called Strike
0-1: Ball
1-1: Fly out, F9 (Flyball, 9LM, EV 97.5 MPH)
Runner from 3rd tags up, SCORES, throw by RF
Batting: RHB Charley Foijens 0-0: Ball
1-0: Called Strike
1-1: Swinging Strike
1-2: Foul Ball, location: 2F
1-2: Ball
Wild Pitch!
Jesús Espinoza to second
2-2: Strikes out looking
Bottom of the 8th over - 1 run, 2 hits, 0 errors, 1 left on base; Chicago 1 - Provo 6
TOP OF THE 9TH
Chicago Gold Sox batting - Pitching for Provo Mango : RHP Danny Zegwaard
Batting: RHB Seung-hwan Pak 0-0: Foul Ball, location: 2F
0-1: Ball
1-1: Ball
2-1: Called Strike
2-2: Ball
3-2: Ground out 6-3 (Groundball, 6, EV 78.8 MPH)
Batting: RHB Sergio Aguero 0-0: Called Strike
0-1: Ball
1-1: Called Strike
1-2: Ball
2-2: Strikes out swinging
Batting: RHB John Batman 0-0: Foul Ball, location: 2F
0-1: Swinging Strike
0-2: Strikes out looking
Top of the 9th over - 0 runs, 0 hits, 0 errors, 0 left on base; Chicago 1 - Provo 6
Thursday, January 23rd, 2020 - OOTP Baseball 20.8 Build 74